 Dungeon Crawl Stone Soup version 0.31-a0-1074-g0b22e4e0f1 (webtiles) character file.

Game seed: 14479464670798906354

182 NogeeEf the Sneak (level 5, 0/29 HPs)
             Began as a Vampire Earth Elementalist on Dec 1, 2023.
             Was a Follower of Kikubaaqudgha.
             Slain by a scorpion (5 damage)
             ... on level 3 of the Dungeon.
             The game lasted 00:13:17 (2818 turns).

NogeeEf the Sneak (Vampire Earth Elementalist)      Turns: 2818, Time: 00:13:17

Health: 0/29       AC:  4    Str:  7      XL:     5   Next: 34%
Magic:  4/8        EV: 13    Int: 19 (21) God:    Kikubaaqudgha [*.....]
Gold:   120        SH:  0    Dex: 14 (16) Spells: 3/9 levels left

rFire   + . .        i - +4 long sword of Depot {pain, rPois rC- Int+3}
rCold   + . .        (no shield)
rNeg    + + +        a - +0 robe
rPois   ∞            (no helmet)
rElec   .            t - +0 cloak of the Hidden Vale {rF+ Slay+4}
rCorr   +            h - +0 pair of gloves
SInv    +            (no boots)
Will    .....        (no amulet)
Stlth   +++++        m - ring of resist corrosion
HPRegen 0.00/turn    (no ring)
MPRegen 0.11/turn

%: no passive effects
@: bloodless, inhibited regen
A: bloodless, fangs 3, see invisible, vampiric 2
a: Bat Form, Revivify, Renounce Religion, Unearth Wretches


You were on level 3 of the Dungeon.
You worshipped Kikubaaqudgha.
Kikubaaqudgha was aware of your devotion.
You visited 1 branch of the dungeon, and saw 4 of its levels.

You collected 176 gold pieces.
You spent 56 gold pieces at shops.

Inventory:

Hand Weapons
 c - a +0 dagger
 i - the +4 long sword of Depot (weapon) {pain, rPois rC- Int+3}
   (You found it on level 2 of the Dungeon)

   Int+3:     It affects your intelligence (+3).
   rC-:       It makes you vulnerable to cold.
   rPois:     It protects you from poison
Armour
 a - a +0 robe (worn)
 h - a +0 pair of gloves (worn)
 o - an orb of energy
 t - the +0 cloak of the Hidden Vale (worn) {rF+ Slay+4}
   (You found it on level 3 of the Dungeon)

   Slay+4:    It affects your accuracy & damage with ranged weapons and melee
   (+4).
   rF+:       It protects you from fire.
Jewellery
 m - a ring of resist corrosion (left hand)
Scrolls
 d - 2 scrolls of enchant weapon {unknown}
 f - 2 scrolls of amnesia
 n - 2 scrolls of noise {unknown}
 p - a scroll of teleportation {unknown}
 q - a scroll of revelation {unknown}
 r - 2 scrolls of identify
 s - a scroll of fog {unknown}
Potions
 b - 3 potions of magic
 e - a potion of brilliance
 g - 2 potions of lignification {unknown}
 j - 4 potions of curing
 k - 2 potions of attraction {unknown}
 l - 3 potions of cancellation {unknown}
 u - a potion of ambrosia {unknown}
 v - a potion of haste {unknown}


   Skills:
 + Level 1.6 Fighting
 + Level 1.9 Short Blades
 + Level 2.9 Dodging
 + Level 4.2 Stealth
 + Level 2.5 Spellcasting
 + Level 1.6 Necromancy
 - Level 1.6 Transmutations
 + Level 3.5 Earth Magic


You had 3 spell levels left.
You knew the following spells:

 Your Spells              Type           Power      Damage    Failure   Level
a - Sandblast             Erth           30%        2d9       3%          1
b - Passwall              Tmut/Erth      10%        N/A       9%          2
c - Stone Arrow           Conj/Erth      18%        3d8       24%         3

Your spell library contained the following spells:

 Spells                   Type           Power      Damage    Failure   Level
 Necrotise                Necr           32%        1d5       9%          1
 Kiss of Death            Conj/Necr      20%        2d7       12%         1
 Shock                    Conj/Air       8%         1d3       16%         1
 Cigotuvi's Dreadful Rot  Necr/Pois/Air  8%         N/A       19%         2
 Frozen Ramparts          Ice            4%         1d1       43%         3
 Swiftness                Air            2%         N/A       43%         3
 Tukima's Dance           Hex            2%         N/A       43%         3
 Petrify                  Tmut/Erth      12%        N/A       50%         4
 Brom's Barrelling Bould  Conj/Erth      9%         2d3       61%         4
 Animate Dead             Necr           8%         N/A       63%         4
 Airstrike                Air            1%         2d(1-17)  85%         4
 Dimensional Bullseye     Hex/Tloc       1%         N/A       85%         4
 Iskenderun's Mystic Bla  Conj/Tloc      2%         2d3       85%         4
 Metabolic Englaciation   Hex/Ice        1%         N/A       99%         5


Dungeon Overview and Level Annotations

Branches:
Dungeon (4/15)
 Temple: D:4-7

Altars:
Kikubaaqudgha
Nemelex Xobeh

Shops:
D:2 [**

Annotations:
D:4 Eustachio


Innate Abilities, Weirdness & Mutations

You do not regenerate when monsters are visible.
You are frail without blood (-20% HP).
You can heal yourself when you bite living creatures.
You are immune to poison.
You have razor-sharp teeth.
You have supernaturally acute eyesight. (SInv)
You are afflicted with vampirism and can become a bat while bloodless.


Message History

Aiming: Sandblast (safe; 3% risk of failure)
Press: ? - help, Shift-Dir - straight line, f/p - scorpion
Aim: a scorpion (82% to hit)
The blast of sand hits the scorpion but does no damage.
The scorpion barely misses you.
The scorpion stings you but does no damage.
The scorpion stings you.
You climb upwards.
There is a stone staircase leading down here.
Casting: Sandblast (safe; 3% risk of failure)
Confirm with . or Enter, or press ? or * to list all spells.
Aiming: Sandblast (safe; 3% risk of failure)
Press: ? - help, Shift-Dir - straight line, f - scorpion
Aim: a scorpion (82% to hit)
The blast of sand hits the scorpion!
The scorpion is heavily wounded.
The scorpion stings you but does no damage.
The scorpion stings you!
Unknown command.
Casting: Sandblast (safe; 3% risk of failure)
Confirm with . or Enter, or press ? or * to list all spells.
Aiming: Sandblast (safe; 3% risk of failure)
Press: ? - help, Shift-Dir - straight line, f/p - scorpion
Aim: a scorpion (heavily wounded, 82% to hit)
The blast of sand hits the scorpion.
The scorpion is severely wounded.
The scorpion stings you but does no damage.
The scorpion closely misses you.
Casting: Sandblast (safe; 3% risk of failure)
Confirm with . or Enter, or press ? or * to list all spells.
Aiming: Sandblast (safe; 3% risk of failure)
Press: ? - help, Shift-Dir - straight line, f/p - scorpion
Aim: a scorpion (severely wounded, 82% to hit)
The blast of sand hits the scorpion.
The scorpion is almost dead.
The scorpion stings you.
* * * LOW HITPOINT WARNING * * *
The scorpion stings you.
You die...
Kikubaaqudgha rasps: "You have failed me!
Welcome... oblivion!"

.# ###'## #.#.# #.#...........
.######....#####.# #.#...........
.................# #.#.#########.
..#######..#####.# #.#.# #..<#.
...............#.###.#.#####.###.
.############..#.##..#.#.........
.##..............##.##...###..##.
###.#######....s....#...##.##..#.
..#.# #..###@#.##...#._.#....
.##.# #..# ###.#..####.####..
.##.# #..# #...##..#'#..##.
.##.#######..# ###.#.).'.'...#.
.##.#........# #.##.##.##.##.
....#.#####.## #..###.#.###..
..........#.# ####.....#......
#####.....#.# ##.......###.##..
###########.# #..#####.....#..#


You could see a scorpion.

Vanquished Creatures
  A hound (D:3)
  4 gnolls (D:3)
  2 adders (D:2)
  A worm (D:3)
  2 dart slugs
  2 orcs (D:3)
  7 bats
  9 endoplasms
  2 giant cockroaches (D:2)
  18 goblins
  4 hobgoblins
  7 jackals (D:2)
  2 kobolds
  3 quokkas
  8 ball pythons
  5 frilled lizards
  8 rats
85 creatures vanquished.

Notes
Turn   | Place    | Note
-------+----------+-------------------------------------------
     0 | D:1      | NogeeEf the Vampire Earth Elementalist began the quest for
                  | the Orb.
     0 | D:1      | Reached XP level 1. HP: 13/13 MP: 3/3
   263 | D:1      | Reached XP level 2. HP: 19/19 MP: 5/5
   275 | D:1      | Learned a level 2 spell: Passwall
   996 | D:2      | Gained mutation: You are afflicted with vampirism and can
                  | become a bat while bloodless. [Vampire growth]
   996 | D:2      | Reached XP level 3. HP: 22/25 MP: 1/6
   996 | D:2      | Identified the +4 long sword of Depot {pain, rPois rC-
                  | Int+3}
  1066 | D:2      | Found Rozuirr's General Store.
  1073 | D:2      | Bought a scroll of identify for 26 gold pieces
  1263 | D:2      | Reached skill level 1 in Fighting
  1263 | D:2      | Reached skill level 1 in Short Blades
  1288 | D:2      | Found Sifasmewu's General Store.
  1289 | D:2      | Found Rakhot's Antique Armour Emporium.
  1307 | D:2      | Reached skill level 1 in Necromancy
  1375 | D:2      | Bought a potion of curing for 30 gold pieces
  1389 | D:2      | Learned a level 3 spell: Stone Arrow
  1523 | D:2      | Reached XP level 4. HP: 25/25 MP: 7/7
  1538 | D:2      | Found an ancient bone altar of Kikubaaqudgha.
  1578 | D:2      | Became a worshipper of Kikubaaqudgha
  1808 | D:3      | Found a sparkling altar of Nemelex Xobeh.
  1904 | D:3      | Identified the +0 cloak of the Hidden Vale {rF+ Slay+4}
  2218 | D:3      | Reached * piety under Kikubaaqudgha
  2218 | D:3      | Received a gift from Kikubaaqudgha
  2558 | D:3      | Reached skill level 4 in Stealth
  2560 | D:3      | Reached XP level 5. HP: 26/29 MP: 2/8
  2732 | D:4      | Noticed Eustachio
  2818 | D:3      | Slain by a scorpion

Illustrated notes

Levels and vault maps discovered:
D:1:      wheals_arrival_shading, layout_basic, fountainhead
D:2:      wad_river_or_something, layout_rooms, basic_altar, serial_shops,
          nicolae_shop_window_shopping, nicolae_shop_tiny_statue_garden, shop
D:3:      layout_basic, nemelex_dance_club_becter, minmay_goblin_outpost
D:4:      layout_loops_cross, uniq_eustachio, uniq_robin

Skill      XL: |  1  2  3  4 |
---------------+-------------+-----
Fighting       | 1 |  1.6
Short Blades   | 1 |  1.9
Necromancy     | 1 |  1.6
Stealth        | 4 |  4.2
Dodging        | |  2.9
Spellcasting   | |  2.5
Transmutations | |  1.6
Earth Magic    | |  3.5

Action                     |  1- 3 |  4- 6 || total
---------------------------+-------+-------++-------
  Melee: Dagger            |    25 |       ||    25
         Bite              |     5 |       ||     5
         Unarmed           |     1 |       ||     1
         Long sword        |    38 |    34 ||    72
         Punch             |       |     1 ||     1
   Cast: Sandblast         |    31 |    28 ||    59
Ability: Exsanguinate      |     1 |       ||     1
         End Transformatio |       |     1 ||     1
         Bat Form          |       |     1 ||     1
    Use: Scroll            |     2 |       ||     2
   Stab: Sleeping          |    11 |    12 ||    23
 Armour: Robe              |    41 |    29 ||    70
  Dodge: Dodged            |    58 |    20 ||    78

Table legend: (Time is in decaauts)
 A = Elapsed time spent in this place.
 B = Non-inter-level travel time spent in this place.
 C = Inter-level travel time spent in this place.
 D = Time resting spent in this place.
 E = Time spent auto-exploring this place.
 F = Levels seen in this place.
 G = Mean time per level.
                   A        B        C        D        E       F      G
               +--------+--------+--------+--------+--------+-----+--------+
         Total |   2867 |   2703 |    164 |    221 |   1773 |   4 |  716.8 |
       Dungeon |   2867 |   2703 |    164 |    221 |   1773 |   4 |  716.8 |
               +--------+--------+--------+--------+--------+-----+--------+

Top non-repeatable levels by time:
     D:3: 1137 daAuts
     D:1: 975 daAuts
     D:2: 733 daAuts
     D:4: 22 daAuts
